 Dungeon Crawl Stone Soup version 0.19.4 (webtiles) character file.

31854 Chiseanne the Thaumaturge (level 13, -10/92 HPs)
             Began as a Demonspawn Wanderer on Feb 1, 2017.
             Was a High Priest of Vehumet.
             Mangled by an ettin
             ... wielding a +0 dire flail
              (19 damage)
             ... on level 15 of the Dungeon.
             The game lasted 01:09:08 (16889 turns).

Chiseanne the Thaumaturge (Demonspawn Wanderer)    Turns: 16889, Time: 01:09:09

Health: -10/92     AC: 16    Str: 12    XL:     13   Next: 28%
Magic:  0/36       EV: 17    Int: 17    God:    Vehumet [*****.]
Gold:   312        SH:  7    Dex: 15    Spells: 6 memorised, 13 levels left

rFire  . . .     SeeInvis .     s - +1 scimitar (flame)
rCold  + . .     Gourm    .     k - +2 ring mail {rPois}
rNeg   . . .     Faith    .     Q - +1 buckler {reflect}
rPois  +         Spirit   +     F - +0 helmet
rElec  .         Reflect  +     i - +0 cloak
rCorr  .         Harm     .     (gloves unavailable)
MR     .....                    p - +1 pair of boots
Stlth  ++........               b - amulet of regeneration
                                m - +4 ring of protection
                                E - ring of magical power

@: no status effects
A: claws 3, cold resistance 1, magic shield, freezing cloud immunity, sturdy
frame 2
a: Renounce Religion


You were on level 15 of the Dungeon.
You worshipped Vehumet.
Vehumet was extremely pleased with you.
You were very hungry.

You visited 1 branch of the dungeon, and saw 15 of its levels.
You also visited: Sewer.

You collected 762 gold pieces.
You spent 450 gold pieces at shops.

Inventory:

Hand Weapons
 a - a +6 trident of piercing
 d - a +2 mace of venom
 s - a +1 scimitar of flaming (weapon)
 w - a +4 hunting sling of flaming
 Y - a +0 blowgun
Missiles
 g - 408 stones (quivered)
 o - 168 bolts
 x - 26 poisoned needles
 M - 61 sling bullets
 P - 2 throwing nets
Armour
 i - a +0 cloak (worn)
 k - a +2 ring mail of poison resistance (worn)
 p - a +1 pair of boots (worn)
 r - a +0 troll leather armour {Purgy}
 F - a +0 helmet (worn)
 Q - a +1 buckler of reflection (worn)
 Z - a +1 robe of cold resistance
Jewellery
 b - an amulet of regeneration (around neck)
 m - a +4 ring of protection (right claw)
 E - a ring of magical power (left claw)
 K - an uncursed ring of flight
 U - a +2 ring of intelligence
 W - an uncursed ring of resist corrosion
Wands
 y - a wand of lightning (0/15)
 D - a wand of iceblast (8/15)
 H - a wand of enslavement (0/24)
 N - a wand of disintegration (5/24)
 T - a wand of lightning (5/15)
Scrolls
 c - 10 scrolls of blinking
 e - 2 scrolls of magic mapping
 j - 5 scrolls of remove curse
 C - a scroll of teleportation
 G - a scroll of amnesia
 L - a scroll of fear
 S - a scroll of summoning
 X - 2 scrolls of recharging
Potions
 h - 9 potions of heal wounds
 l - 2 potions of ambrosia
 u - 2 potions of magic {unknown}
 v - a potion of cure mutation {unknown}
 z - a potion of haste {unknown}
 A - 2 potions of curing {unknown}
 B - a potion of brilliance {unknown}
 J - a potion of degeneration {unknown}
 O - 4 potions of berserk rage
 R - 7 potions of flight
 V - a potion of invisibility {unknown}
Comestibles
 f - 13 bread rations
 n - 12 slices of pizza
 t - 10 meat rations


   Skills:
 - Level 5.5 Fighting
 - Level 5.5 Long Blades
 * Level 2.3 Polearms
 - Level 5.0 Armour
 - Level 9.0 Dodging
 - Level 3.6 Stealth
 * Level 8.6 Shields
 * Level 10.4 Spellcasting
 * Level 10.3 Conjurations
 - Level 3.7 Charms


You had 13 spell levels left.
You knew the following spells:

 Your Spells              Type           Power        Failure   Level  Hunger
a - Shock                 Conj/Air       ####         1%          1    None
b - Iskenderun's Mystic   Conj           #####...     1%          4    ###....
c - Iskenderun's Battles  Conj/Chrm      ####....     4%          5    #####..
d - Mephitic Cloud        Conj/Pois/Air  ###.....     2%          3    None
e - Fireball              Conj/Fire      ####......   10%         5    #####..
f - Apportation           Tloc           #.........   12%         1    None


Dungeon Overview and Level Annotations

Branches:
Dungeon (15/15)            Temple (0/1) D:6            Lair (0/6) D:10
    Orc (0/2) D:10
 Vaults: D:13-14     Depths: D:15

Altars:
Cheibriados
Dithmenos
Fedhas
Hepliaklqana
Kikubaaqudgha
Makhleb
Okawaru
Qazlal
Ru
Vehumet
Xom
The Shining One

Shops:
D:10 :

Annotations:
D:7 itsmu's ghost, novice FoIE


Innate Abilities, Weirdness & Mutations

You have claws for hands.
Your flesh is cold resistant. (rC+)
When hurt, damage is shared between your health and your magic reserves.
You are immune to freezing clouds.
Your movements are less encumbered by armour. (ER -4)


Message History

Reactivating autopickup.
You feel a bit more experienced.
You hit the ettin but do no damage.
The ettin is severely wounded.
The ettin closely misses you.
You riposte.
You hit the ettin but do no damage.
The ettin is severely wounded.
The ettin misses you.
You hit the ettin but do no damage.
The ettin is severely wounded.
The ettin hits you with a dire flail! The ettin hits you with a great mace!
You hit the ettin but do no damage.
The ettin is severely wounded.
The ettin completely misses you. The ettin hits you with a great mace!
* * * LOW HITPOINT WARNING * * *
You hit the ettin. You burn the ettin.
The ettin is severely wounded.
The ettin hits you with a dire flail!
* * * LOW HITPOINT WARNING * * *
The ettin hits you with a great mace!!
You die...

#....#.#####
#....#.....
#......$.#
#)..# #.###
#.#<# #.#.#
#####C#.#
#....@#.#
#.#####.#
#.......#
#########


You could see an ettin.

Vanquished Creatures
  Josephine (D:10)
  Harold (D:10)
  3 centaur warriors (D:14)
  A tengu warrior (D:14)
  An ogre mage (D:15)
  Urug (D:13)
  A hell knight (D:15)
  An unseen horror (D:12)
  6 hill giants
  2 ugly things
  2 cyclopes
  A manticore (D:12)
  Joseph (D:7)
  Maurice (D:13)
  3 gargoyles
  A komodo dragon (D:14)
  An efreet (D:14)
  4 trolls
  A troll (shapeshifter) (D:13)
  9 slime creatures
  2 hornets
  6 two-headed ogres
  5 hippogriffs
  A shadow (D:14)
  4 wraiths (D:10)
  A spriggan (D:13)
  2 wyverns
  14 yaks
  A basilisk (D:10)
  8 vampire mosquitoes
  Menkaure (D:7)
  A mottled dragon (D:13)
  2 hell hounds (D:10)
  A water moccasin (D:9)
  Duvessa (D:7)
  8 orc warriors
  Purgy (Sewer)
  4 sky beasts
  A black bear (D:13)
  3 ice beasts
  3 phantoms
  4 ogres
  18 centaurs
  A crocodile (D:10)
  3 big kobolds
  8 bullfrogs
  Dowan (D:7)
  4 scorpions
  A water moccasin skeleton (D:8)
  A wyvern skeleton (D:8)
  4 killer bees (D:8)
  7 wights
  2 electric eels
  7 howler monkeys
  6 crimson imps
  3 bullfrog zombies
  4 centaur zombies
  7 orc priests
  3 centaur skeletons
  2 jellies (D:11)
  2 gnoll shamans
  17 orc wizards
  A quasit (D:6)
  A bullfrog skeleton (D:5)
  7 hounds
  4 iguanas
  13 worker ants
  Terence (D:2)
  A hound zombie (D:9)
  3 hound skeletons
  2 howler monkey zombies
  12 adders
  6 gnolls
  A shadow imp (D:7)
  An ooze (D:1)
  An adder skeleton (D:4)
  A worm (D:3)
  9 dart slugs
  A leopard gecko (D:5)
  62 orcs
  9 bats
  7 giant cockroaches
  7 goblins
  7 hobgoblins
  10 jackals
  10 quokkas
  A ball python (D:3)
  3 frilled lizards
  A jackal skeleton (D:4)
  26 kobolds
  A leopard gecko skeleton (D:5)
  A quokka skeleton (D:5)
  5 rats (D:2)
432 creatures vanquished.

Vanquished Creatures (collateral kills)
  Fannar (D:10)
  A jelly (D:7)
  A gnoll (D:7)
3 creatures vanquished.

Vanquished Creatures (others)
  2 centaurs
  A crimson imp (D:14)
  A plant (D:14)
4 creatures vanquished.

Grand Total: 439 creatures vanquished

Notes
Turn   | Place    | Note
-------+----------+-------------------------------------------
     0 | D:1      | Chiseanne the Demonspawn Wanderer began the quest for the Orb.
     0 | D:1      | Chiseanne set off with: a +2 dagger, a potion of berserk rage, a +0 quarterstaff, a +0 falchion, a +0 robe, a bread ration
     0 | D:1      | Reached XP level 1. HP: 16/16 MP: 1/1
   125 | D:1      | Gained mutation: You have sharp fingernails. [demonic ancestry]
   125 | D:1      | Reached XP level 2. HP: 1/23 MP: 2/2
   768 | D:1      | Found an iron altar of Okawaru.
   920 | D:1      | Reached XP level 3. HP: 26/28 MP: 3/3
  1293 | D:2      | Found an ancient bone altar of Kikubaaqudgha.
  1309 | D:2      | Noticed Terence
  1331 | D:2      | Killed Terence
  1331 | D:2      | Reached skill level 1 in Armour
  1693 | D:2      | Gained mutation: You have very sharp fingernails. [demonic ancestry]
  1693 | D:2      | Reached XP level 4. HP: 34/34 MP: 4/4
  1753 | D:2      | Found a snail-covered altar of Cheibriados.
  1833 | D:2      | Found a sacrificial altar of Ru.
  2086 | D:2      | Found a faded altar of an unknown god.
  2318 | D:3      | Found a radiant altar of Vehumet.
  2331 | D:3      | Found a hazy altar of Hepliaklqana.
  2340 | D:3      | Found a blossoming altar of Fedhas.
  2573 | D:3      | Gained mutation: When hurt, damage is shared between your health and your magic reserves. [demonic ancestry]
  2573 | D:3      | Reached XP level 5. HP: 21/39 MP: 5/5
  2823 | D:3      | Became a worshipper of Vehumet
  2837 | D:3      | Found a shadowy altar of Dithmenos.
  3511 | D:4      | Reached * piety under Vehumet
  3511 | D:4      | Offered knowledge of Sandblast by Vehumet.
  3531 | D:4      | Gained mutation: Your flesh is cold resistant. (rC+) [demonic ancestry]
  3531 | D:4      | Reached XP level 6. HP: 46/46 MP: 6/6
  3551 | D:4      | Found a glowing golden altar of the Shining One.
  3966 | D:4      | Found a burning altar of Makhleb.
  3969 | D:4      | Found an iron altar of Okawaru.
  3971 | D:4      | Found a stormy altar of Qazlal.
  4207 | D:5      | Entered Level 5 of the Dungeon
  4218 | D:5      | Reached skill level 1 in Spellcasting
  4218 | D:5      | Gained mutation: Your movements are slightly less encumbered by armour. (ER -2) [demonic ancestry]
  4218 | D:5      | Reached XP level 7. HP: 44/51 MP: 8/8
  4375 | D:5      | Found a glowing drain.
  4401 | Sewer    | Entered a sewer
  4417 | Sewer    | Noticed Purgy
  4427 | Sewer    | Killed Purgy
  5350 | D:6      | Reached skill level 5 in Long Blades
  5350 | D:6      | Gained mutation: You have claws for hands. [demonic ancestry]
  5350 | D:6      | Reached XP level 8. HP: 57/57 MP: 12/12
  5413 | D:6      | Found a staircase to the Ecumenical Temple.
  5693 | D:6      | Reached ** piety under Vehumet
  5717 | D:6      | Offered knowledge of Shock by Vehumet.
  5730 | D:6      | Learned a level 1 spell: Shock
  5913 | D:7      | Noticed itsmu's ghost (novice FoIE)
  6032 | D:7      | Reached skill level 1 in Conjurations
  6039 | D:7      | Reached skill level 5 in Armour
  6055 | D:7      | Noticed Menkaure
  6064 | D:7      | Killed Menkaure
  6165 | D:8      | Offered knowledge of Mephitic Cloud by Vehumet.
  6174 | D:8      | Learned a level 3 spell: Mephitic Cloud
  6183 | D:8      | Learned a level 1 spell: Apportation
  6189 | D:8      | Noticed a two-headed ogre
  6422 | D:8      | Reached XP level 9. HP: 59/65 MP: 16/16
  6513 | D:8      | Reached *** piety under Vehumet
  6535 | D:8      | Found a radiant altar of Vehumet.
  6675 | D:8      | Reached skill level 5 in Dodging
  6675 | D:8      | Reached skill level 5 in Spellcasting
  6865 | D:8      | Noticed a cyclops
  6883 | D:8      | Killed a cyclops
  6883 | D:8      | Reached skill level 5 in Fighting
  6991 | D:7      | Noticed Joseph
  7019 | D:7      | Killed Joseph
  7019 | D:7      | Offered knowledge of Inner Flame by Vehumet.
  7194 | D:7      | Noticed Duvessa
  7212 | D:7      | Noticed Dowan
  7218 | D:7      | Killed Duvessa
  7223 | D:7      | Killed Dowan
  7227 | D:7      | Identified a scroll of acquirement
  7644 | D:7      | Found a blossoming altar of Fedhas.
  7785 | D:9      | Reached skill level 1 in Shields
  7785 | D:9      | Reached XP level 10. HP: 59/74 MP: 8/19
  7980 | D:9      | Found a stormy altar of Qazlal.
  8037 | D:9      | Reached skill level 5 in Conjurations
  8088 | D:9      | Reached **** piety under Vehumet
  8391 | D:9      | Offered knowledge of Stone Arrow by Vehumet.
  8407 | D:9      | Learned a level 3 spell: Stone Arrow
  8808 | D:10     | Entered Level 10 of the Dungeon
  8963 | D:10     | Found a staircase to the Lair.
  9080 | D:10     | Noticed a hill giant
  9141 | D:10     | Killed a hill giant
  9244 | D:10     | Noticed Josephine
  9254 | D:10     | Killed Josephine
  9254 | D:10     | Gained mutation: Your movements are less encumbered by armour. (ER -4) [demonic ancestry]
  9254 | D:10     | Reached XP level 11. HP: 80/80 MP: 2/22
  9268 | D:10     | Reached ***** piety under Vehumet
  9268 | D:10     | Offered knowledge of Bolt of Draining by Vehumet.
  9657 | D:10     | Noticed Harold
  9683 | D:10     | Killed Harold
  9866 | D:10     | Reached skill level 5 in Shields
 10158 | D:10     | Found a staircase to the Orcish Mines.
 10304 | D:10     | Noticed Fannar
 10313 | D:10     | Killed Fannar
 10475 | D:10     | Found Bigulo's Book Shoppe.
 10495 | D:10     | Bought a book of Conjurations for 450 gold pieces
 10502 | D:10     | Learned a level 5 spell: Iskenderun's Battlesphere
 10635 | D:11     | Found a shimmering altar of Xom.
 10723 | D:11     | Reached skill level 1 in Charms
 11982 | D:12     | Got an iridescent trident
 12160 | D:12     | Noticed a brown ugly thing
 12237 | D:12     | Killed a brown ugly thing
 12358 | D:12     | Noticed a hill giant
 12365 | D:12     | Killed a hill giant
 12365 | D:12     | Gained mutation: You are immune to freezing clouds. [demonic ancestry]
 12365 | D:12     | Reached XP level 12. HP: 86/86 MP: 13/24
 12459 | D:12     | Learned a level 4 spell: Iskenderun's Mystic Blast
 13933 | D:12     | Offered knowledge of Olgreb's Toxic Radiance by Vehumet.
 14008 | D:13     | Noticed Maurice
 14013 | D:13     | Killed Maurice
 14317 | D:13     | Noticed Urug
 14337 | D:13     | Killed Urug
 14775 | D:13     | Learned a level 5 spell: Fireball
 14788 | D:13     | Got a faintly glowing chain mail
 14828 | D:13     | Identified the +3 chain mail "Gixtyc" {Str+4} (You found it on level 13 of the Dungeon)
 15843 | D:14     | Identified the +4 trident "Ohazuky" {vamp, Dex+2} (You found it on level 12 of the Dungeon)
 15954 | D:14     | Reached skill level 10 in Spellcasting
 15959 | D:14     | Noticed a centaur warrior
 15964 | D:14     | Killed a centaur warrior
 16150 | D:14     | Reached skill level 10 in Conjurations
 16258 | D:14     | Noticed a centaur warrior
 16273 | D:14     | Killed a centaur warrior
 16273 | D:14     | Reached XP level 13. HP: 63/92 MP: 27/27
 16291 | D:14     | Reached skill level 1 in Polearms
 16809 | D:15     | Entered Level 15 of the Dungeon
 16862 | D:15     | Noticed an ettin
 16889 | D:15     | Mangled by an ettin

Skill      XL: |  1  2  3  4  5  6  7  8  9 10 11 12 13 |
---------------+----------------------------------------+-----
Dodging        | 2 3 4 6 7 8 9 |  9.0
Long Blades    | 2 3 4 5 |  5.5
Armour         | 1 2 3 4 5 |  5.0
Spellcasting   | 1 2 4 6 7 8 10 | 10.4
Fighting       | 4 5 |  5.5
Conjurations   | 2 4 6 8 10 | 10.3
Shields        | 1 4 6 8 |  8.6
Charms         | 2 3 |  3.7
Polearms       | 2 |  2.3
Stealth        | |  3.6

Action                   |  1- 3 |  4- 6 |  7- 9 | 10-12 | 13-15 || total
-------------------------+-------+-------+-------+-------+-------++-------
Melee: Dagger            |    65 |       |       |       |       ||    65
       Falchion          |    48 |   133 |   319 |   683 |       ||  1183
       Trident           |       |       |       |    17 |    58 ||    75
       Scimitar          |       |       |       |       |    27 ||    27
Throw: Stone             |       |       |     2 |       |       ||     2
 Cast: Shock             |       |       |    53 |   219 |       ||   272
       Mephitic Cloud    |       |       |    16 |    30 |     6 ||    52
       Stone Arrow       |       |       |       |    59 |       ||    59
       Iskenderun's Batt |       |       |       |    46 |     4 ||    50
       Iskenderun's Myst |       |       |       |    49 |     7 ||    56
       Fireball          |       |       |       |       |     5 ||     5
Evoke: Wand              |       |     2 |     2 |     2 |     6 ||    12
  Use: Scroll            |     6 |     7 |    11 |     8 |       ||    32
       Potion            |     1 |       |     2 |     4 |       ||     7
 Stab: Sleeping          |       |     7 |     7 |     2 |     1 ||    17
       Distracted        |       |       |     1 |       |       ||     1
       Confused          |       |       |     5 |     2 |     1 ||     8
  Eat: Chunk             |     2 |     8 |    13 |    39 |     1 ||    63
       Fruit             |       |       |       |    11 |     3 ||    14
       Beef jerky        |       |       |       |     3 |       ||     3
Armor: Robe              |     6 |       |       |       |       ||     6
       Ring mail         |    46 |    63 |    13 |   154 |    26 ||   302
       Troll leather arm |       |       |    89 |   102 |       ||   191
Dodge: Dodged            |    83 |    93 |   196 |   501 |    53 ||   926
Block: Buckler           |       |       |     1 |   206 |    26 ||   233
       Reflection        |       |       |       |    11 |     2 ||    13
       Rpst.: Falchion   |    11 |    34 |    50 |   147 |       ||   242
       Scimitar          |       |       |       |       |     2 ||     2
